[Event "Early-Titled-Tuesday-Blitz-January-23-2024"]
[Site "Chess.com"]
[Date "2024.01.23"]
[Round "7"]
[White "atalz0"]
[Black "Lion-Al-Messi"]
[Result "1-0"]
[WhiteElo "2475"]
[BlackElo "2575"]
[TimeControl "180+1"]
[EndTime "9:15:02 PST"]
[Termination "atalz0 won by resignation"]

1. d4 d5 2. c4 c6 3. e3 Nf6 4.
Nc3 e6 5. b3 Bb4 6. Bb2 Ne4 7.
Ne2 Qa5 8. Qc2 O-O 9. a3 Bxc3+ 10. Nxc3 c5 11. dxc5 Nxc3 12. Qxc3 Qxc3+ 13. Bxc3 Nd7 14. b4 Ne5 15. Bxe5 a5 16. b5 a4 17. Be2 Bd7 18.
Rb1 Rac8 19. O-O f6 20. Bd6 Rfd8 21. Rfd1 dxc4 22. Bxc4 Kf7 23. h3 h5 24. f4 g6 25. g4 hxg4 26. hxg4 f5 27. gxf5 gxf5 28. Kf2 Rh8 29. Rh1 Rxh1 30. Rxh1 Kg6 31. Rg1+ Kh6 32.
Be7 Re8 33. Bg5+ Kh5 34. Rh1+ Kg6 35. Rd1 Bc8 36. Rd6 Rh8 37. Kg2 Re8 38. Rd8 Rxd8 39. Bxd8 Bd7 40. Kf3 Kf7 41. Ke2 Ke8 42. Bf6 Kf7 43.
Be5 Ke7 44. Kd3 Kd8 45. Kc3 Ke7 46. Kb4 Be8 47. Kxa4 1-0

[Event "Early-Titled-Tuesday-Blitz-January-23-2024"]
[Site "Chess.com"]
[Date "2024.01.23"]
[Round "7"]
[White "Logman74"]
[Black "EdmundPlayer"]
[Result "1-0"]
[WhiteElo "2485"]
[BlackElo "2266"]
[TimeControl "180+1"]
[EndTime "9:15:02 PST"]
[Termination "Logman74 won by resignation"]

1. e4 Nf6 2. e5 Nd5 3. d4 d6 4.
Nf3 Nc6 5. Be2 dxe5 6. dxe5 Bf5 7. c3 e6 8. O-O Be7 9. h3 Nb6 10. Nbd2 Bd3 11. Nb3 Bg6 12. Be3 Qxd1 13. Rfxd1 O-O 14. Bc5 Rfd8 15. Bxe7 Nxe7 16. Nbd4 Na4 17. Rd2 a6 18. Rad1 Kf8 19. Nxe6+ fxe6 20. Rxd8+ Rxd8 21. Rxd8+ Kf7 22. Rd2 Nd5 23. Bc4 Be4 24. Ng5+ 1-0

[Event "Early-Titled-Tuesday-Blitz-January-23-2024"]
[Site "Chess.com"]
[Date "2024.01.23"]
[Round "7"]
[White "abelmat"]
[Black "UnTucopalaTimba"]
[Result "1-0"]
[WhiteElo "2136"]
[BlackElo "1955"]
[TimeControl "180+1"]
[EndTime "9:15:02 PST"]
[Termination "abelmat won by checkmate"]

1. d4 Nf6 2. c4 e6 3. Nf3 d5 4.
Nc3 Bb4 5. Qa4+ Nc6 6. a3 Bxc3+ 7.
bxc3 O-O 8. Bg5 h6 9. Bh4 Bd7 10. cxd5 exd5 11. Qc2 Na5 12. e3 b6 13. Bd3 c5 14. O-O Re8 15. Ne5 c4 16. Bf5 g5 17.
Bg3 Be6 18. f4 Nh5 19. fxg5 Nxg3 20. hxg3 Qxg5 21. Bxe6 Qxe3+ 22. Kh2 Rxe6 23. Rxf7 Qg5 24. Qh7# 1-0

[Event "Early-Titled-Tuesday-Blitz-January-23-2024"]
[Site "Chess.com"]
[Date "2024.01.23"]
[Round "7"]
[White "TregubovP"]
[Black "Aash20"]
[Result "1-0"]
[WhiteElo "2674"]
[BlackElo "2500"]
[TimeControl "180+1"]
[EndTime "9:15:05 PST"]
[Termination "TregubovP won by checkmate"]

1. e4 c5 2. Nf3 d6 3. d4 cxd4 4. Qxd4 a6 5. Nc3 Nc6 6. Qd3 g6 7. Be2 Bg7 8. O-O Nf6 9. Nd5 O-O 10. c3 Be6 11. Bg5 Bxd5 12. exd5 Nb8 13. Rfe1 Nbd7 14. Bf1 Rc8 15. c4 Re8 16. g3 Ng4 17. Bh3 Nge5 18. Nxe5 Nxe5 19. Rxe5 Bxe5 20. Bxc8 Qxc8 21. Qe2 Qc7 22. Re1 Bg7 23. b3 Qd7 24. Qe4 Be5 25.
Kg2 b5 26. cxb5 axb5 27. Rc1 Ra8 28. Rc2 Kg7 29. Qe3 Qa7 30. Bh6+ Kg8 31. Qxa7 Rxa7 32. Rc8# 1-0

[Event "Early-Titled-Tuesday-Blitz-January-23-2024"]
[Site "Chess.com"]
[Date "2024.01.23"]
[Round "7"]
[White "Smiechu"]
[Black "MightyGMpretender"]
[Result "0-1"]
[WhiteElo "2491"]
[BlackElo "2738"]
[TimeControl "180+1"]
[EndTime "9:15:14 PST"]
[Termination "MightyGMpretender won by resignation"]

1. e4 c5 2. Nf3 Nc6 3. d4 cxd4 4. Nxd4 e5 5. Nb5 d6 6. N1c3 a6 7. Na3 Be6 8. Nd5 Nf6 9. Bg5 Qa5+ 10. Bd2 Qd8 11.
Bg5 Be7 12. Bxf6 Bxf6 13. c3 O-O 14. Nc2 Bg5 15. h4 Bh6 16. g4 Bf4 17. Nxf4 exf4 18.
f3 d5 19. Bd3 Qb6 20. Qe2 Qxb2 21. O-O Qxc3 22. Rab1 Ne5 23. Rfd1 Rac8 24. Rb3 Qc5+ 25. Kg2 Nxd3 26. Rd2 Nc1 0-1

[Event "Early-Titled-Tuesday-Blitz-January-23-2024"]
[Site "Chess.com"]
[Date "2024.01.23"]
[Round "7"]
[White "Irishchessman16"]
[Black "kai_nov"]
[Result "1-0"]
[WhiteElo "2496"]
[BlackElo "2296"]
[TimeControl "180+1"]
[EndTime "9:15:15 PST"]
[Termination "Irishchessman16 won by resignation"]

1. e4 c5 2. Nf3 Nc6 3. Bc4 e6 4.
O-O Nge7 5. Re1 d5 6. exd5 exd5 7.
Bb5 g6 8. d4 c4 9. Bg5 Be6 10.
Bf6 Rg8 11. Ne5 Qc7 12. c3 O-O-O 13. Bxc6 bxc6 14. b3 Kb7 15. bxc4 dxc4 16. Nd2 Bg7 17. Rb1+ Ka8 18. Bxe7 Qxe7 19. Nxc6 1-0

[Event "Early-Titled-Tuesday-Blitz-January-23-2024"]
[Site "Chess.com"]
[Date "2024.01.23"]
[Round "7"]
[White "GoValya"]
[Black "StankovicIvan"]
[Result "1-0"]
[WhiteElo "2326"]
[BlackElo "2513"]
[TimeControl "180+1"]
[EndTime "9:15:20 PST"]
[Termination "GoValya won by resignation"]

1. d4 d5 2. g3 Nf6 3. Bg2 g6 4.
c4 c6 5. Nc3 Bg7 6. Nf3 O-O 7.
O-O a6 8. Ne5 b5 9. cxd5 cxd5 10. e4 dxe4 11. Nxe4 Ra7 12. Be3 Nxe4 13. Bxe4 Bb7 14.
d5 Bxe5 15. Bxa7 e6 16. Bg2 exd5 17. Bc5 Re8 18. Bd4 Bd6 19. Rc1 Nd7 20. Be3 Nf6 21.
Bg5 Be5 22. b3 Qd6 23. Qd2 Qb8 24. Rfd1 Ne4 25. Bxe4 dxe4 26. Qe3 f6 27. Bh6 Rd8 28. Qb6 Rxd1+ 29. Rxd1 Qc8 30. Rd8+ 1-0

[Event "Early-Titled-Tuesday-Blitz-January-23-2024"]
[Site "Chess.com"]
[Date "2024.01.23"]
[Round "7"]
[White "UK_23"]
[Black "Alen_Yeremyann"]
[Result "1-0"]
[WhiteElo "2390"]
[BlackElo "2742"]
[TimeControl "180+1"]
[EndTime "9:15:20 PST"]
[Termination "UK_23 won by resignation"]

1. e4 Nf6 2. e5 Nd5 3. d4 d6 4.
Nf3 Bg4 5. exd6 cxd6 6. Be2 Nc6 7. O-O g6 8. c3 Bg7 9. Re1 O-O 10. h3 Bxf3 11.
Bxf3 Nb6 12. a4 a5 13. Na3 Re8 14. Nb5 Qd7 15. Bf4 Rad8 16. Qb3 Qf5 17. Bh2 e5 18. Nc7 Re7 19. Qxb6 Qd7 20. Nb5 f5 21. dxe5 dxe5 22. Rad1 Qe8 23. Bxc6 Rxd1 24. Rxd1 bxc6 25. Rd8 cxb5 26.
Rxe8+ Rxe8 27. Qxb5 Kf7 28. g4 f4 29. f3 g5 30. Kg2 Rd8 31. Bg1 Rd2+ 32. Bf2 1-0

[Event "Early-Titled-Tuesday-Blitz-January-23-2024"]
[Site "Chess.com"]
[Date "2024.01.23"]
[Round "7"]
[White "koncheto"]
[Black "Juicy_Fork"]
[Result "0-1"]
[WhiteElo "2557"]
[BlackElo "2448"]
[TimeControl "180+1"]
[EndTime "9:15:29 PST"]
[Termination "Juicy_Fork won by resignation"]

1. e4 e5 2. Nf3 Nc6 3. Bc4 Nf6 4. d3 Bc5 5. c3 d6 6. O-O O-O 7. Nbd2 a5 8. h3 h6 9. Re1 Re8 10. Nf1 Ba7 11. Ng3 Ne7 12. d4 Ng6 13. Bd3 Nf4 14. dxe5 dxe5 15. Nxe5 Nxh3+ 16. gxh3 Rxe5 17. Kg2 Qd7 18. Nf5 Qc6 19. f3 Bxf5 20. exf5 Rxe1 21. Qxe1 Re8 22. Qg3 Qd5 23. Bxh6 Nh5 24. Qg5 Qxd3 25. Qxh5 gxh6 0-1

[Event "Early-Titled-Tuesday-Blitz-January-23-2024"]
[Site "Chess.com"]
[Date "2024.01.23"]
[Round "7"]
[White "secretsuperstar7"]
[Black "Witty_Alien"]
[Result "1-0"]
[WhiteElo "2512"]
[BlackElo "2339"]
[TimeControl "180+1"]
[EndTime "9:15:30 PST"]
[Termination "secretsuperstar7 won by resignation"]

1. c4 b5 2. cxb5 a6 3. bxa6 Rxa6 4. Nc3 Rg6 5. g3 h5 6. h4 Bb7 7. e4 d5 8. exd5 Nf6 9. Bg2 Nbd7 10. Nge2 e6 11. Nf4 Ne5 12. Nxg6 Nd3+ 13. Kf1 Ba6 14. Kg1 Bc5 15. Qa4+ Nd7 16. Qxa6 fxg6 17. Qxd3 Qf6 18. Ne4 Qf5 19. Nxc5 Qf6 20. Nxd7 Kxd7 21. dxe6+ 1-0

[Event "Early-Titled-Tuesday-Blitz-January-23-2024"]
[Site "Chess.com"]
[Date "2024.01.23"]
[Round "7"]
[White "Anton_Demchenko"]
[Black "rhungaski"]
[Result "1-0"]
[WhiteElo "2909"]
[BlackElo "2509"]
[TimeControl "180+1"]
[EndTime "9:15:32 PST"]
[Termination "Anton_Demchenko won by resignation"]

1. e4 g6 2. d4 Bg7 3. Nf3 d6 4. Bc4 a6 5. Bb3 e6 6. Nbd2 h6 7. c3 Nd7 8. Nf1 Ne7 9. Ng3 b6 10. O-O Bb7 11. Re1 e5 12. Be3 O-O 13. Qd2 Kh7 14.
dxe5 Nxe5 15. Nxe5 dxe5 16. Qe2 f5 17. exf5 gxf5 18.
Rad1 Qe8 19. Bc1 Qc6 20. f3 Qg6 21. Rd7 Qc6 22. Red1 Rae8 23. Nh5 Bh8 24. Bd5 1-0

[Event "Early-Titled-Tuesday-Blitz-January-23-2024"]
[Site "Chess.com"]
[Date "2024.01.23"]
[Round "7"]
[White "KanalSzachowy"]
[Black "Muslim_player_05"]
[Result "1-0"]
[WhiteElo "2346"]
[BlackElo "2497"]
[TimeControl "180+1"]
[EndTime "9:15:43 PST"]
[Termination "KanalSzachowy won by resignation"]

1. e4 e5 2. Nf3 Nc6 3. Bc4 Bc5 4. c3 Nf6 5. d4 exd4 6. cxd4 Bb4+ 7. Nbd2 Nxe4 8. d5 Ne7 9. O-O Nxd2 10. Nxd2 O-O 11. a3 Ba5 12. d6 cxd6 13. Ne4 d5 14.
Bxd5 Nxd5 15. Qxd5 d6 16. Bg5 Be6 17. Bxd8 Bxd5 18.
Nf6+ gxf6 19. Bxa5 Bb3 20. f4 Rfe8 21. Rf3 Bc4 22.
Rd1 d5 23. b3 Bb5 24. Rg3+ Kh8 25. Bc3 Re6 26. Rxd5 Bc6 27. Rf5 Rg8 28. Bxf6+ Rxf6 29.
Rxf6 Rxg3 30. hxg3 Kg7 31. Rd6 Kf8 32. Kf2 Ke7 33. Rh6 Be4 34. Ke3 Bc2 35. b4 Kd7 36. Kd4 b6 37. Ke5 Ke7 38. f5 1-0

[Event "Early-Titled-Tuesday-Blitz-January-23-2024"]
[Site "Chess.com"]
[Date "2024.01.23"]
[Round "7"]
[White "Aleksandar-Topalov"]
[Black "noblerone"]
[Result "0-1"]
[WhiteElo "2341"]
[BlackElo "2523"]
[TimeControl "180+1"]
[EndTime "9:15:48 PST"]
[Termination "noblerone won by resignation"]

1. b3 Nf6 2. Bb2 d5 3. Nf3 Bg4 4. g3 Bxf3 5. exf3 g6 6. f4 Bg7 7. Bg2 O-O 8. O-O c6 9. d3 a5 10. a4 Nbd7 11. Nd2 Ne8 12. Qc1 Qb6 13. Re1 e6 14.
Nf3 Bxb2 15. Qxb2 Nef6 16. h3 Nh5 17. Qd4 Qxd4 18. Nxd4 Rfe8 19. Re2 Kf8 20. Rae1 Nc5 21. Bf3 Nf6 22. Kg2 Re7 23. g4 Rae8 24. Kg3 Nfd7 25. Bg2 e5 26. fxe5 Rxe5 27. Rxe5 Rxe5 28. Rxe5 Nxe5 29.
f4 Ned7 30. g5 Ke7 31. h4 Na6 32. c3 Nac5 33. Bf1 Nf8 34. Kf3 Nfe6 35. Ke3 Nxd4 36. Kxd4 Nxb3+ 37. Ke5 Nc5 0-1

[Event "Early-Titled-Tuesday-Blitz-January-23-2024"]
[Site "Chess.com"]
[Date "2024.01.23"]
[Round "7"]
[White "Pliukha_Mikhail"]
[Black "Kostya0705"]
[Result "1-0"]
[WhiteElo "2745"]
[BlackElo "2584"]
[TimeControl "180+1"]
[EndTime "9:15:49 PST"]
[Termination "Pliukha_Mikhail won by resignation"]

1. e4 c5 2. d4 cxd4 3. Qxd4 Nc6 4. Qd3 e6 5. Nc3 a6 6. Bf4 b5 7. a3 Bb7 8. Nf3 Rc8 9. Be2 d6 10. Rd1 b4 11. axb4 Nxb4 12. Qd2 Nf6 13. O-O Be7 14.
Bxd6 Bxd6 15. Qxd6 Qxd6 16. Rxd6 Nxc2 17. e5 Nd7 18. Bxa6 Bxa6 19. Rxa6 Ke7 20. Ra7 Rhd8 21. Rd1 Nb4 22. h4 Ke8 23. Ne4 Ra8 24. Rdxd7 Rxa7 25. Rxa7 1-0

[Event "Early-Titled-Tuesday-Blitz-January-23-2024"]
[Site "Chess.com"]
[Date "2024.01.23"]
[Round "7"]
[White "FGHSMN"]
[Black "kleinebeer98"]
[Result "1/2-1/2"]
[WhiteElo "2994"]
[BlackElo "2870"]
[TimeControl "180+1"]
[EndTime "9:15:51 PST"]
[Termination "Game drawn by agreement"]

1. e4 e5 2. Nf3 Nc6 3. d4 exd4 4.
Nxd4 Nf6 5. Nxc6 bxc6 6. Nd2 d5 7. exd5 cxd5 8. Bb5+ Bd7 9. Bxd7+ Qxd7 10. O-O Be7 11. b3 O-O 12. Bb2 Rfe8 13. Re1 Qf5 14. Nf3 Ne4 15. h3 h6 16. Qd3 Rad8 17. Re2 Bc5 18. Rae1 Qf4 19. Bd4 Re6 20. Bxc5 Nxc5 21. Qd4 Qxd4 22.
Nxd4 Rxe2 23. Rxe2 Ne4 24. Nb5 c5 25. Nxa7 Ra8 26. Nc6 Nc3 27. Rd2 Rxa2 28. Ne7+ Kh7 29. Nxd5 Nxd5 30. Rxd5 Rxc2 31. Rd7 Kg6 32. Rc7 1/2-1/2

[Event "Early-Titled-Tuesday-Blitz-January-23-2024"]
[Site "Chess.com"]
[Date "2024.01.23"]
[Round "7"]
[White "BasilSmash"]
[Black "ChessQueen"]
[Result "0-1"]
[WhiteElo "2548"]
[BlackElo "2727"]
[TimeControl "180+1"]
[EndTime "9:15:52 PST"]
[Termination "ChessQueen won on time"]

1. e4 c6 2. Nf3 d5 3. d3 Qc7 4. Nc3 Nf6 5. e5 Nfd7 6. d4 e6 7. Ne2 c5 8. c3 Nc6 9. g3 f6 10.
exf6 Nxf6 11. Bg2 cxd4 12. cxd4 Bb4+ 13. Bd2 Bxd2+ 14. Qxd2 O-O 15. O-O b6 16. Rac1 Qd6 17. Rfe1 Ba6 18. Nc3 Rad8 19. Ne5 Ne7 20. a3 Nf5 21.
Nd1 Ne4 22. Bxe4 dxe4 23. Nc4 Qxd4 24. Qxd4 Nxd4 25. Rxe4 Bxc4 26. Ne3 Ne2+ 0-1

[Event "Early-Titled-Tuesday-Blitz-January-23-2024"]
[Site "Chess.com"]
[Date "2024.01.23"]
[Round "7"]
[White "yaguigor"]
[Black "Rikikits"]
[Result "1-0"]
[WhiteElo "2643"]
[BlackElo "2823"]
[TimeControl "180+1"]
[EndTime "9:15:54 PST"]
[Termination "yaguigor won on time"]

1. e4 c6 2. d4 d5 3. Nc3 dxe4 4. Nxe4 Nf6 5. Nxf6+ exf6 6. c3 Bd6 7. Bd3 O-O 8. Qc2 Re8+ 9. Ne2 h5 10. Be3 Be6 11.
O-O-O b5 12. Kb1 Qa5 13. Nc1 Nd7 14. Bh7+ Kf8 15. Bf5 g6 16. Bh6+ Kg8 17. Bxg6 b4 18.
c4 f5 19. Nb3 Qa4 20. Bxf5 Nf6 21. h3 Bf8 22. Bxf8 Kxf8 23. Rhe1 1-0

[Event "Early-Titled-Tuesday-Blitz-January-23-2024"]
[Site "Chess.com"]
[Date "2024.01.23"]
[Round "7"]
[White "karenzc"]
[Black "LangesNasenhaar"]
[Result "0-1"]
[WhiteElo "2199"]
[BlackElo "2420"]
[TimeControl "180+1"]
[EndTime "9:15:54 PST"]
[Termination "LangesNasenhaar won by checkmate"]

1. e4 g6 2. Nf3 Bg7 3. Nc3 c6 4.
d4 d5 5. e5 f6 6. Bd3 Bg4 7.
Bf4 Bxf3 8. Qxf3 Nh6 9. O-O-O O-O 10. Rhe1 fxe5 11. dxe5 e6 12. Qe3 Nf5 13. Qd2 Nd7 14. Ne2 Qb6 15. g4 Nh4 16. Nd4 Qxd4 17. Be3 Qa4 18. Kb1 Nf3 19. Qc3 Nxe1 20. Rxe1 Bxe5 21. Qd2 Bg7 22. f4 e5 23. fxe5 Nxe5 24.
h3 Nxd3 25. Qxd3 Rae8 26. Rc1 Qe4 27. Qxe4 Rxe4 28. Bxa7 Rfe8 29. a4 Re1 30. Rxe1 Rxe1+ 31. Ka2 Rh1 32. b4 Rxh3 33. a5 Rg3 34. Bc5 Rxg4 35. Kb3 h5 36. Bd6 h4 37. Ka4 Kf7 38. Kb3 Ke6 39. Bc5 h3 40. Ka4 h2 41. Kb3 h1=Q 42.
Ka4 Qb1 43. a6 Qa2# 0-1

[Event "Early-Titled-Tuesday-Blitz-January-23-2024"]
[Site "Chess.com"]
[Date "2024.01.23"]
[Round "7"]
[White "Akylbek2021"]
[Black "kingofthenil"]
[Result "0-1"]
[WhiteElo "2283"]
[BlackElo "2683"]
[TimeControl "180+1"]
[EndTime "9:15:58 PST"]
[Termination "kingofthenil won on time"]

1. d4 d6 2. Nf3 g6 3. e4 Bg7 4. Nc3 e5 5. dxe5 dxe5 6. Qxd8+ Kxd8 7. Bc4 f6 8. Be3 c6 9. O-O-O+ Kc7 10. a4 Nd7 11.
Rhg1 Bh6 12. Bxh6 Nxh6 13. g4 Nb6 14. g5 Nxc4 15. gxh6 Be6 16. b3 Nd6 17. h4 Nf7 18. h5 g5 19. a5 Nxh6 20. Na4 b6 21. Ne1 c5 22. Kb2 Nf7 23. f3 Nd6 24. Nd3 h6 25. c4 Nb7 26. axb6+ axb6 27. Nc3 Rad8 28. Nb5+ Kc6 29. Kc3 Na5 30. b4 Nxc4 31. Na7+ Kb7 32. Ra1 cxb4+ 33. Nxb4 Na5 34. Nb5 Rc8+ 35. Kb2 Rhd8 36.
Rgc1 Rd2+ 37. Rc2 Nc4+ 38. Kc3 Rxc2+ 39. Kxc2 Na3+ 40. Kb2 Nxb5 0-1

[Event "Early-Titled-Tuesday-Blitz-January-23-2024"]
[Site "Chess.com"]
[Date "2024.01.23"]
[Round "7"]
[White "azikom"]
[Black "rikchessmx"]
[Result "0-1"]
[WhiteElo "2662"]
[BlackElo "2385"]
[TimeControl "180+1"]
[EndTime "9:16:00 PST"]
[Termination "rikchessmx won by checkmate"]

1. e4 c5 2. Nc3 e6 3. g3 Nc6 4.
Bg2 h5 5. h3 Be7 6. d3 h4 7. g4 b6 8. f4 Bb7 9. Nf3 d6 10. Be3 a6 11. Qd2 Qc7 12. O-O-O O-O-O 13. Kb1 d5 14. exd5 exd5 15. d4 c4 16. f5 Nf6 17.
Bf4 Bd6 18. Bg5 Bb4 19. a3 Ne4 20. Bxd8 Rxd8 21. Nxe4 Bxd2 22. Nexd2 b5 23. Nf1 b4 24. axb4 Nxb4 25. c3 Nd3 26. Rd2 Re8 27. N1h2 a5 28.
Rhd1 a4 29. Bf1 Ba6 30. Bxd3 cxd3 31. Ne1 Re3 32. Nhf3 a3 33. bxa3 Qb6+ 34. Rb2 Qa5 35. Ne5 Qa4 36. Rc1 Bc4 37. Nxf7 Qxa3 38. Ne5 Re2 39.
N1xd3 Ba2+ 40. Ka1 Bb3+ 41. Kb1 Rxb2+ 42. Nxb2 Qa2# 0-1

[Event "Early-Titled-Tuesday-Blitz-January-23-2024"]
[Site "Chess.com"]
[Date "2024.01.23"]
[Round "7"]
[White "fks_stal_mielec"]
[Black "falzehope0"]
[Result "0-1"]
[WhiteElo "2233"]
[BlackElo "2401"]
[TimeControl "180+1"]
[EndTime "9:16:01 PST"]
[Termination "falzehope0 won by resignation"]

1. e4 d5 2. exd5 Nf6 3. Nc3 g6 4. d6 cxd6 5. g3 Bg7 6. Bg2 O-O 7. Nge2 Nc6 8. O-O e5 9. d3 Be6 10. Be3 d5 11. d4 e4 12. Bf4 Nh5 13. h3 g5 14. Be3 h6 15. Kh2 f5 16. f4 g4 17.
hxg4 Nf6 18. Bh3 fxg4 19. Bg2 Ne7 20. Kg1 Nf5 21. Kf2 Ne8 22. Rh1 Ned6 23. b3 Rc8 24. Na4 b6 25. Rc1 Bd7 26. Nac3 Be6 27. Na4 Qf6 28.
c3 Bd7 29. Nb2 b5 30. Qd2 Nxe3 31. Qxe3 Nf5 32. Qd2 e3+ 33. Ke1 exd2+ 34. Kxd2 Qe6 0-1

[Event "Early-Titled-Tuesday-Blitz-January-23-2024"]
[Site "Chess.com"]
[Date "2024.01.23"]
[Round "7"]
[White "Chernobay_Artem"]
[Black "vovachesss"]
[Result "0-1"]
[WhiteElo "2618"]
[BlackElo "2843"]
[TimeControl "180+1"]
[EndTime "9:16:02 PST"]
[Termination "vovachesss won by resignation"]

1. d4 d5 2. c4 c6 3. Nf3 Nf6 4. Nc3 dxc4 5. a4 Bg4 6. e3 Nbd7 7. Bxc4 e6 8. O-O Bb4 9. h3 Bh5 10. Qe2 e5 11. g4 Nxg4 12. hxg4 Bxg4 13. Ne4 f5 14.
Be6 Qe7 15. d5 Nf8 16. Neg5 Nxe6 17. Nxe6 e4 0-1

[Event "Early-Titled-Tuesday-Blitz-January-23-2024"]
[Site "Chess.com"]
[Date "2024.01.23"]
[Round "7"]
[White "Zallio"]
[Black "Jenia84"]
[Result "1-0"]
[WhiteElo "2196"]
[BlackElo "2304"]
[TimeControl "180+1"]
[EndTime "9:16:02 PST"]
[Termination "Zallio won by resignation"]

1. e4 c5 2. Nf3 d6 3. d4 cxd4 4. Nxd4 Nf6 5. Nc3 a6 6. Bg5 e6 7.
f4 Nbd7 8. Qf3 Qc7 9. O-O-O b5 10. Bd3 Bb7 11. Rhe1 Nc5 12. Kb1 Be7 13. a3 h6 14.
Bh4 Rc8 15. g4 Qb6 16. Nb3 Nxb3 17. cxb3 d5 18. Bxf6 gxf6 19. exd5 Rxc3 20. bxc3 Bxd5 21. Be4 Bxb3 22. Bc6+ Kf8 23. Rd7 Qc5 24. a4 Qa3 25.
Re2 Bxa4 26. c4 Qb4+ 27. Rb2 Qxc4 28. Rxe7 Kxe7 29. Qa3+ Kd8 30. Qd6+ Kc8 31. Qd7+ 1-0

[Event "Early-Titled-Tuesday-Blitz-January-23-2024"]
[Site "Chess.com"]
[Date "2024.01.23"]
[Round "7"]
[White "LastHeroJr"]
[Black "Crazy_girl99"]
[Result "0-1"]
[WhiteElo "2458"]
[BlackElo "2613"]
[TimeControl "180+1"]
[EndTime "9:16:04 PST"]
[Termination "Crazy_girl99 won by resignation"]

1. e4 e5 2. Nc3 Nc6 3. Nf3 Nf6 4. Bb5 Bb4 5. d3 d6 6. h3 O-O 7. O-O Bxc3 8. bxc3 Ne7 9. Ba4 Ng6 10. Re1 c6 11. Bb3 h6 12. d4 Re8 13. Ba3 Be6 14. Nh2 Qd7 15. Nf1 Rad8 16. Ne3 Nf4 17. d5 cxd5 18.
exd5 Bxh3 19. gxh3 Qxh3 20. Bc4 Ne4 21. Bf1 Qh4 22. Qf3 Nxc3 23. Nf5 Qg5+ 24. Ng3 Ncxd5 25. Rad1 Nf6 26. Rxd6 Rxd6 27. Bxd6 h5 28. Bg2 h4 29. Ne4 Nxe4 30. Rxe4 h3 31. Qg3 Qxg3 32.
fxg3 Nxg2 33. Kh2 f5 34. Re2 f4 35. gxf4 Nxf4 36. Rxe5 Rxe5 37. Bxe5 Nd5 38. a3 Ne3 39. Bd4 Nxc2 40. Bxa7 Nxa3 41. Kxh3 b5 42. Kg4 b4 43.
Bc5 Nc2 44. Bd6 b3 45. Be5 Ne3+ 46. Kg5 Nc4 0-1

[Event "Early-Titled-Tuesday-Blitz-January-23-2024"]
[Site "Chess.com"]
[Date "2024.01.23"]
[Round "7"]
[White "omulcafea"]
[Black "martinmena"]
[Result "1-0"]
[WhiteElo "2443"]
[BlackElo "2063"]
[TimeControl "180+1"]
[EndTime "9:16:12 PST"]
[Termination "omulcafea won on time"]

1. e4 c6 2. Nc3 d5 3. Nf3 Bg4 4. h3 Bxf3 5. Qxf3 Nf6 6. d3 e6 7. g3 Bb4 8. Bd2 d4 9. Nb1 Qb6 10. b3 Qc5 11. Qd1 Nbd7 12. Bxb4 Qxb4+ 13. Qd2 a5 14. a3 Qd6 15. Bg2 b5 16. O-O O-O 17. Qe1 e5 18. Nd2 Qc5 19. Qd1 a4 20. b4 Qe7 21.
f4 Ne8 22. Rb1 Nd6 23. Nf3 f6 24. Nh4 exf4 25. gxf4 f5 26. Nxf5 Nxf5 27. exf5 Qd6 28. Qf3 Rac8 29. Qe4 Nf6 30. Qe6+ 1-0

[Event "Early-Titled-Tuesday-Blitz-January-23-2024"]
[Site "Chess.com"]
[Date "2024.01.23"]
[Round "7"]
[White "Sina_Movahed"]
[Black "Alexei_Kornev"]
[Result "1-0"]
[WhiteElo "2977"]
[BlackElo "2743"]
[TimeControl "180+1"]
[EndTime "9:16:14 PST"]
[Termination "Sina_Movahed won by resignation"]

1. e4 c5 2. d4 cxd4 3. Nf3 d6 4. Nxd4 Nf6 5. Nc3 a6 6. h3 e5 7. Nde2 h5 8. g3 Be6 9. Bg2 Nbd7 10. O-O Rc8 11.
f4 Nb6 12. f5 Bd7 13. b3 Be7 14. Be3 Bc6 15. Kh1 O-O 16. a4 Nbd7 17. Bf3 g6 18. Bg2 Kg7 19. Qd2 Rh8 20. Nd5 Bxd5 21. exd5 h4 22. g4 Nh7 23. Bh6+ Kg8 24. fxg6 fxg6 25.
Qd3 Ndf8 26. Be3 Bg5 27. Bg1 Kg7 28. Nc3 Nf6 29. Ne4 Nxe4 30. Bxe4 Rh6 31. c4 Nd7 32. a5 Bf4 33. b4 Nf6 34. Bg2 g5 35. c5 Rh8 36. c6 bxc6 37. dxc6 d5 38. Qxa6 Ne4 39. Bxe4 dxe4 40. Rad1 Qf6 41. Qb7+ Kg6 42. c7 Kh6 43. Bc5 1-0

[Event "Early-Titled-Tuesday-Blitz-January-23-2024"]
[Site "Chess.com"]
[Date "2024.01.23"]
[Round "7"]
[White "isaak2009"]
[Black "Sargsyan_Shant"]
[Result "0-1"]
[WhiteElo "2651"]
[BlackElo "2908"]
[TimeControl "180+1"]
[EndTime "9:16:14 PST"]
[Termination "Sargsyan_Shant won on time"]

1. e4 g6 2. d4 Nf6 3. Nc3 d5 4. e5 Ne4 5. Bd3 Nxc3 6. bxc3 c5 7. h4 Nc6 8. Be3 h5 9. Nh3 Bg4 10. f3 Bxh3 11. Rxh3 e6 12. Rb1 Rb8 13. g3 Qa5 14.
Bd2 Qa3 15. Bb5 Kd7 16. Rb3 Qxa2 17. c4 cxd4 18. cxd5 exd5 19. Bf4 Bc5 20. e6+ fxe6 21. Bxb8 Rxb8 22. Rh2 Rf8 23. f4 Qa5+ 24. Kf1 e5 25. Bxc6+ Kxc6 26. Re2 e4 27. Kg2 Qa4 28. Qb1 b5 29.
Re1 a5 30. Qb2 Qc4 31. Qa1 a4 32. Rbb1 a3 33. Rbd1 b4 34. Kh3 Kb5 35. Qb1 Ra8 36.
Rf1 a2 37. Qb2 Qc3 38. Qxc3 bxc3 39. Ra1 Kc4 0-1

[Event "Early-Titled-Tuesday-Blitz-January-23-2024"]
[Site "Chess.com"]
[Date "2024.01.23"]
[Round "7"]
[White "FMCASTE"]
[Black "Timerkhanov"]
[Result "1-0"]
[WhiteElo "2511"]
[BlackElo "2665"]
[TimeControl "180+1"]
[EndTime "9:16:14 PST"]
[Termination "FMCASTE won by resignation"]

1. d4 d5 2. Nf3 Nf6 3. c4 c6 4. Nc3 dxc4 5. g3 Bf5 6. Bg2 e6 7. O-O Nbd7 8. Re1 Ne4 9. a4 Bb4 10. Bd2 a5 11. Rc1 O-O 12. Nxe4 Bxe4 13. Bxb4 axb4 14.
Rxc4 Qa5 15. b3 Rfd8 16. Nd2 Bxg2 17. Kxg2 Nb6 18. Rc5 Qa7 19. e3 Nd5 20. Qf3 e5 21.
Ne4 exd4 22. exd4 h6 23. h4 Qb8 24. h5 Re8 25. Rcc1 Qc7 26. Nc5 Nc3 27. Nd3 Qd6 28. Rxe8+ Rxe8 29. Nxb4 Ne2 30. Re1 Nf4+ 31. Qxf4 Qd7 32.
Rxe8+ Qxe8 33. Qe5 Qd7 34. d5 Qg4 35. dxc6 bxc6 36.
Nxc6 Qd1 37. Qe8+ Kh7 38. Qe4+ g6 39. hxg6+ fxg6 40. Qe7+ Kh8 41. Qd8+ 1-0

[Event "Early-Titled-Tuesday-Blitz-January-23-2024"]
[Site "Chess.com"]
[Date "2024.01.23"]
[Round "7"]
[White "BM223344"]
[Black "Horokoskii"]
[Result "1-0"]
[WhiteElo "2541"]
[BlackElo "2064"]
[TimeControl "180+1"]
[EndTime "9:16:18 PST"]
[Termination "BM223344 won on time"]

1. d4 Nf6 2. c4 e6 3. Nf3 Be7 4. g3 d5 5. Bg2 O-O 6. O-O dxc4 7. a4 Nc6 8. Nc3 Rb8 9. e4 b6 10. Qe2 Nxd4 11. Nxd4 Qxd4 12. Rd1 Qc5 13. Be3 Qa5 14. Qxc4 c5 15. Bf4 Ba6 16. Nb5 Rbd8 17. Qb3 Bb7 18. Qc4 Qb4 19. Qxb4 cxb4 20. e5 Nd5 21. Nxa7 Nxf4 22.
Bxb7 Nd3 23. Nc6 Nxb2 24. Nxe7+ Kh8 25. Rxd8 Rxd8 26. Be4 Rd2 27. Nc6 g6 28. Nxb4 Nc4 29. Rc1 Nxe5 30. Nc6 Nxc6 31. Bxc6 1-0